BSA
ST. LOUIS BROWNS @ ST CHARLES SHEENS
08/11/2029
 
TOP OF THE 1ST
St. Louis Browns batting - Pitching for St Charles Sheens : LHP Gianluigi Ciottone
Pitching: LHP Gianluigi Ciottone
Batting: RHB José Flores 0-0: Swinging Strike
0-1: Ball
1-1: Swinging Strike
1-2: Strikes out looking
Batting: RHB Anthony Rucker 0-0: Called Strike
0-1: Foul Ball, location: 2F
0-2: Ball
1-2: Fly out, F5 (Popup, 5S)
Batting: RHB Carlos Alfaro 0-0: Ball
1-0: Ball
2-0: SINGLE (Line Drive, 56)
Batting: RHB António Venecia 0-0: Called Strike
0-1: Ball
Carlos Alfaro is caught stealing 2nd base
Top of the 1st over - 0 runs, 1 hit, 0 errors, 0 left on base; St. Louis 0 - St Charles 0
BOTTOM OF THE 1ST
St Charles Sheens batting - Pitching for St. Louis Browns : LHP Darren Blackwell
Pitching: LHP Darren Blackwell
Batting: RHB Miguel Palácios 0-0: Ball
1-0: Ground out 4-3 (Groundball, 4)
Batting: RHB Max Rash 0-0: Ball
1-0: Foul Ball, location: 2F
1-1: Ball
2-1: Swinging Strike
2-2: Ball
3-2: SINGLE (Groundball, 56D)
Batting: RHB Jesús Hernández 0-0: Ball
1-0: Fielders Choice at 2nd, 1-6 (Groundball, 13S)
Batting: RHB Dan Tyler 0-0: Called Strike
0-1: Ball
Wild Pitch!
Jesús Hernández to second
1-1: Swinging Strike
1-2: DOUBLE (Line Drive, 7LM)
Jesús Hernández scores
Batting: SHB Henry Copeland 0-0: Foul Ball, location: 2F
0-1: Ball
1-1: Fly out, F5 (Line Drive, 5)
Bottom of the 1st over - 1 run, 2 hits, 0 errors, 1 left on base; St. Louis 0 - St Charles 1
TOP OF THE 2ND
St. Louis Browns batting - Pitching for St Charles Sheens : LHP Gianluigi Ciottone
Batting: RHB António Venecia 0-0: Ball
1-0: Called Strike
1-1: Ball
2-1: Fly out, F7 (Flyball, 7LS)
Batting: SHB David Johnstone 0-0: Foul Ball, location: 2F
0-1: Foul Ball, location: 2F
0-2: Foul Ball, location: 2F
0-2: SINGLE (Line Drive, 89S)
Batting: LHB Robin Hill 0-0: Ball
1-0: Ball
2-0: Swinging Strike
2-1: Fly out, F5 (Line Drive, 56S)
Batting: RHB Javier Martínez 0-0: Ball
1-0: SINGLE (Flyball, 89S)
David Johnstone to second
Runner from 2nd tries for 3rd, SAFE, throw made at trailing runner, OUT!
Top of the 2nd over - 0 runs, 2 hits, 0 errors, 1 left on base; St. Louis 0 - St Charles 1
BOTTOM OF THE 2ND
St Charles Sheens batting - Pitching for St. Louis Browns : LHP Darren Blackwell
Batting: LHB Juan Jose Rojas 0-0: Foul Ball, location: 2F
0-1: Called Strike
0-2: Ball
1-2: Foul Ball, location: 2F
1-2: Ball
2-2: Strikes out swinging
Batting: RHB Víctor Arredondo 0-0: Ground out 6-3 (Groundball, 6)
Batting: LHB Larry Howard 0-0: Ball
1-0: Called Strike
1-1: Ball
2-1: Swinging Strike
2-2: SINGLE (Line Drive, 6D)
Batting: RHB Rob Brady 0-0: Called Strike
0-1: Ball
1-1: Ball
2-1: Ball
3-1: Foul Ball, location: 2F
3-2: Foul Ball, location: 2F
3-2: Strikes out looking
Bottom of the 2nd over - 0 runs, 1 hit, 0 errors, 1 left on base; St. Louis 0 - St Charles 1
TOP OF THE 3RD
St. Louis Browns batting - Pitching for St Charles Sheens : LHP Gianluigi Ciottone
Batting: LHB Dave Watson 0-0: Foul Ball, location: 2F
0-1: Ball
1-1: Ball
2-1: Foul Ball, location: 2F
2-2: Ball
3-2: Base on Balls
Batting: LHB Marvin Morris 0-0: Foul Ball, location: 2F
0-1: Ball
1-1: Foul Ball, location: 2F
1-2: Ball
2-2: Foul Ball, location: 2F
2-2: Strikes out swinging
Batting: RHB José Flores 0-0: Ball
1-0: Ball
2-0: Called Strike
2-1: Grounds into double play, 6-4-3 (Groundball, 6)
Top of the 3rd over - 0 runs, 0 hits, 0 errors, 0 left on base; St. Louis 0 - St Charles 1
BOTTOM OF THE 3RD
St Charles Sheens batting - Pitching for St. Louis Browns : LHP Darren Blackwell
Batting: RHB Miguel Palácios 0-0: Ball
1-0: Ground out 4-3 (Groundball, 34D)
Batting: RHB Max Rash 0-0: Called Strike
0-1: Ball
1-1: SOLO HOME RUN (Flyball, 7D), Distance : 375 ft
Batting: RHB Jesús Hernández 0-0: Ball
1-0: Called Strike
1-1: Called Strike
1-2: Ground out 4-3 (Groundball, 4)
Batting: RHB Dan Tyler 0-0: Called Strike
0-1: Swinging Strike
0-2: Strikes out looking
Bottom of the 3rd over - 1 run, 1 hit, 0 errors, 0 left on base; St. Louis 0 - St Charles 2
TOP OF THE 4TH
St. Louis Browns batting - Pitching for St Charles Sheens : LHP Gianluigi Ciottone
Batting: RHB Anthony Rucker 0-0: Swinging Strike
0-1: Ball
1-1: Ball
2-1: Foul Ball, location: 2F
2-2: Foul Ball, location: 2F
2-2: Strikes out swinging, 2-3 out at first.
Batting: RHB Carlos Alfaro 0-0: Called Strike
0-1: Ball
1-1: Foul Ball, location: 2F
1-2: Ball
2-2: Ball
3-2: SINGLE (Line Drive, 4MD)
Batting: RHB António Venecia 0-0: Called Strike
0-1: Foul Ball, location: 2F
0-2: Ball
1-2: Fly out, F6 (Popup, 6MS)
Batting: SHB David Johnstone 0-0: Ball
1-0: Called Strike
1-1: SINGLE (Flyball, 89M)
Carlos Alfaro to second
Runner from 2nd tries for 3rd, OUT!
Top of the 4th over - 0 runs, 2 hits, 0 errors, 1 left on base; St. Louis 0 - St Charles 2
BOTTOM OF THE 4TH
St Charles Sheens batting - Pitching for St. Louis Browns : LHP Darren Blackwell
Batting: SHB Henry Copeland 0-0: Ball
1-0: Ball
2-0: Ball
3-0: Called Strike
3-1: Foul Ball, location: 2F
3-2: Foul Ball, location: 2F
3-2: Single, Error in OF, E7, batter to second base
Batting: LHB Juan Jose Rojas 0-0: Foul Ball, location: 2F
0-1: Swinging Strike
0-2: Strikes out looking
Batting: RHB Víctor Arredondo 0-0: Called Strike
0-1: Swinging Strike
0-2: Ground out 6-3 (Groundball, 6)
Batting: LHB Larry Howard 0-0: Ball
1-0: Called Strike
1-1: Ball
2-1: Ball
3-1: Called Strike
3-2: SINGLE (Line Drive, 8LS)
Henry Copeland to third
Henry Copeland scores
Batting: RHB Rob Brady 0-0: Called Strike
0-1: Ball
1-1: Ball
2-1: Ball
3-1: SINGLE (Line Drive, 8RS)
Larry Howard to second
Batting: RHB Miguel Palácios 0-0: Ball
1-0: Called Strike
1-1: Ball
2-1: Ball
3-1: Base on Balls
Larry Howard to third
Rob Brady to second
Batting: RHB Max Rash 0-0: Called Strike
0-1: Ball
1-1: Ball
2-1: Foul Ball, location: 2F
2-2: Fielders Choice at 2nd, 6-4 (Groundball, 6)
Bottom of the 4th over - 1 run, 3 hits, 1 error, 3 left on base; St. Louis 0 - St Charles 3
TOP OF THE 5TH
St. Louis Browns batting - Pitching for St Charles Sheens : LHP Gianluigi Ciottone
Batting: LHB Robin Hill 0-0: Called Strike
0-1: Ball
1-1: SINGLE (Groundball, 6D)
Batting: RHB Javier Martínez 0-0: Called Strike
0-1: Ball
1-1: Called Strike
1-2: Ball
2-2: Ball
3-2: Strikes out swinging
Robin Hill steals 2nd base
Batter strikes out.
Batting: LHB Dave Watson 0-0: Called Strike
0-1: Ball
1-1: Foul Ball, location: 2F
1-2: Fly out, F9 (Flyball, 9LSF)
Batting: LHB Marvin Morris 0-0: Called Strike
0-1: Ground out 1-3 (Groundball, P)
Top of the 5th over - 0 runs, 1 hit, 0 errors, 1 left on base; St. Louis 0 - St Charles 3
BOTTOM OF THE 5TH
St Charles Sheens batting - Pitching for St. Louis Browns : LHP Darren Blackwell
Batting: RHB Jesús Hernández 0-0: Called Strike
0-1: Called Strike
0-2: Ball
1-2: SINGLE (Line Drive, 78S)
Pitching: RHP Bob Cunningham
Batting: RHB Dan Tyler 0-0: Grounds into double play, 5-4-3 (Groundball, 56)
Batting: SHB Henry Copeland 0-0: Ball
1-0: Ball
2-0: SINGLE (Line Drive, 4M)
Batting: LHB Juan Jose Rojas 0-0: Ball
1-0: Foul Ball, location: 2F
1-1: Swinging Strike
1-2: Ball
2-2: Foul Ball, location: 2F
2-2: Strikes out swinging
Bottom of the 5th over - 0 runs, 2 hits, 0 errors, 1 left on base; St. Louis 0 - St Charles 3
TOP OF THE 6TH
St. Louis Browns batting - Pitching for St Charles Sheens : LHP Gianluigi Ciottone
Batting: RHB José Flores 0-0: Foul Ball, location: 2F
0-1: Ball
1-1: Ball
2-1: Ground out 6-3 (Groundball, 6)
Batting: RHB Anthony Rucker 0-0: Ball
1-0: Called Strike
1-1: Swinging Strike
1-2: Ball
2-2: Strikes out swinging
Batting: RHB Carlos Alfaro 0-0: Foul Ball, location: 2F
0-1: Foul Ball, location: 2F
0-2: Ground out 6-3 (Groundball, 6)
Top of the 6th over - 0 runs, 0 hits, 0 errors, 0 left on base; St. Louis 0 - St Charles 3
BOTTOM OF THE 6TH
St Charles Sheens batting - Pitching for St. Louis Browns : RHP Bob Cunningham
Batting: RHB Víctor Arredondo 0-0: Called Strike
0-1: SINGLE (Line Drive, 34)
Batting: LHB Larry Howard 0-0: Ball
1-0: Ball
2-0: Ball
3-0: Base on Balls
Víctor Arredondo to second
Batting: RHB Rob Brady 0-0: Called Strike
0-1: Ball
1-1: Swinging Strike
1-2: Strikes out swinging
Batting: RHB Miguel Palácios 0-0: Ball
1-0: TRIPLE (Flyball, 78XD)
Víctor Arredondo scores
Larry Howard scores
Batting: RHB Max Rash 0-0: Called Strike
0-1: Foul Ball, location: 2F
0-2: Ground out 4-3 (Groundball, 4)
Batting: RHB Jesús Hernández 0-0: Called Strike
0-1: SINGLE (Line Drive, 6MD)
Miguel Palácios scores
Batting: RHB Dan Tyler 0-0: Ball
1-0: Ground out U3 (Groundball, 34S)
Bottom of the 6th over - 3 runs, 3 hits, 0 errors, 1 left on base; St. Louis 0 - St Charles 6
TOP OF THE 7TH
St. Louis Browns batting - Pitching for St Charles Sheens : LHP Gianluigi Ciottone
Batting: RHB António Venecia 0-0: Foul Ball, location: 2F
0-1: Swinging Strike
0-2: Ball
1-2: SOLO HOME RUN (Flyball, 9LD), Distance : 371 ft
Batting: SHB David Johnstone 0-0: Called Strike
0-1: DOUBLE (Groundball, 5L)
Pitching: LHP Luis Valentín
Batting: LHB Robin Hill 0-0: Called Strike
0-1: Foul Ball, location: 2F
0-2: Ground out 4-3 (Groundball, 4)
David Johnstone to third
Batting: RHB Javier Martínez 0-0: Ball
1-0: Swinging Strike
1-1: Ball
2-1: Foul Ball, location: 2F
2-2: SINGLE (Groundball, 56D)
David Johnstone scores
Batting: LHB Dave Watson 0-0: Ball
Javier Martínez steals 2nd base
1-0: Foul Ball, location: 2F
1-1: Ball
2-1: Fly out, F4 (Popup, 4)
Batting: LHB Marvin Morris 0-0: Swinging Strike
0-1: Swinging Strike
0-2: Ball
1-2: Ball
2-2: Ball
3-2: Base on Balls
Batting: RHB José Flores 0-0: Ball
1-0: Ball
2-0: Called Strike
2-1: Ball
3-1: Ground out 3-1 (Groundball, 34S)
Top of the 7th over - 2 runs, 3 hits, 0 errors, 2 left on base; St. Louis 2 - St Charles 6
BOTTOM OF THE 7TH
St Charles Sheens batting - Pitching for St. Louis Browns : RHP Bob Cunningham
Pitching: RHP António Ramos
Batting: SHB Henry Copeland 0-0: SOLO HOME RUN (Flyball, 9LD), Distance : 367 ft
Batting: LHB Juan Jose Rojas 0-0: Ball
1-0: Swinging Strike
1-1: Foul Ball, location: 2F
1-2: Ball
2-2: Strikes out swinging
Batting: RHB Víctor Arredondo 0-0: Swinging Strike
0-1: Ball
1-1: Ball
2-1: Ball
3-1: Foul Ball, location: 2F
3-2: Strikes out swinging
Batting: LHB Larry Howard 0-0: Called Strike
0-1: Ground out 4-3 (Groundball, 4)
Bottom of the 7th over - 1 run, 1 hit, 0 errors, 0 left on base; St. Louis 2 - St Charles 7
TOP OF THE 8TH
St. Louis Browns batting - Pitching for St Charles Sheens : LHP Luis Valentín
Batting: RHB Anthony Rucker 0-0: Ball
1-0: Called Strike
1-1: Fly out, F8 (Flyball, 8RS)
Batting: RHB Carlos Alfaro 0-0: Ball
1-0: Swinging Strike
1-1: Ball
2-1: SOLO HOME RUN (Flyball, 7LD), Distance : 365 ft
Batting: RHB António Venecia 0-0: Ball
1-0: Foul Ball, location: 2F
1-1: Called Strike
1-2: Foul Ball, location: 2F
1-2: Foul Ball, location: 2F
1-2: Ball
2-2: Foul Ball, location: 2F
2-2: Ball
3-2: Fly out, F9 (Flyball, 9S)
Batting: SHB David Johnstone 0-0: Ball
1-0: Ball
2-0: Fly out, F9 (Flyball, 9)
Top of the 8th over - 1 run, 1 hit, 0 errors, 0 left on base; St. Louis 3 - St Charles 7
BOTTOM OF THE 8TH
St Charles Sheens batting - Pitching for St. Louis Browns : RHP António Ramos
Batting: RHB Rob Brady 0-0: Swinging Strike
0-1: Ball
1-1: Ball
2-1: Foul Ball, location: 2F
2-2: Ball
3-2: Foul Ball, location: 2F
3-2: Foul Ball, location: 2F
3-2: Strikes out swinging
Batting: RHB Miguel Palácios 0-0: Ball
1-0: Ball
2-0: Ball
3-0: Ground out 4-3 (Groundball, 4)
Batting: RHB Max Rash 0-0: Ground out 5-3 (Groundball, 56)
Bottom of the 8th over - 0 runs, 0 hits, 0 errors, 0 left on base; St. Louis 3 - St Charles 7
TOP OF THE 9TH
St. Louis Browns batting - Pitching for St Charles Sheens : LHP Luis Valentín
Batting: LHB Robin Hill 0-0: Foul Ball, location: 2F
0-1: SINGLE (Groundball, 34D)
Batting: RHB Javier Martínez 0-0: Ball
1-0: Ball
2-0: SINGLE (Flyball, 78M)
Robin Hill to second
Pitching: RHP António Ojeda
Batting: LHB Dave Watson 0-0: DOUBLE (Line Drive, 7LS)
Robin Hill scores
Javier Martínez to third
Pinch Hitting: LHB Mike Hill 0-0: Fly out, F3 (Popup, 3F)
Pinch Hitting: LHB Junior Coates 0-0: Ground out 4-3 (Groundball, 4)
Javier Martínez scores
Dave Watson to third
Batting: RHB Anthony Rucker 0-0: Called Strike
0-1: Called Strike
0-2: Strikes out swinging
Top of the 9th over - 2 runs, 3 hits, 0 errors, 1 left on base; St. Louis 5 - St Charles 7
Saturday, December 16th, 2017 - OOTP Baseball 18.8 Build 76